Map: Cerulean Fall LE

Players

Meeeet - Winner!

  • Race: Protoss Protoss
  • League: Gold
  • Spawn Location: 7:00

Mesrob

  • Race: Terran Terran
  • League: Gold
  • Spawn Location: 1:00

VOD

Have the link to the VOD?

Description

Time

  • Played on: Jan. 18, 2019, 6:48 p.m.
  • Length: 6:43
Show
View Real Time Build Order
Export as new Build Order

Meeeet Protoss - Winner!

Build Orders:  

Get SALT Encoding   

  1  0:00  Probe  
  12  0:05  Probe  
  14  0:15  Probe  
  15  0:22  Pylon  
  15  0:42  Gateway  
  15  0:43  Probe  
  15  0:46  Assimilator  
  16  0:56  Probe  
  17  1:05  Probe  
  18  1:13  Probe  
  19  1:22  Probe  
  20  1:42  Cybernetics Core  
  20  1:52  Probe  
  21  2:01  Pylon  
  21  2:04  Assimilator, Probe  
  22  2:19  Nexus  
  22  2:22  Pylon  
  22  2:33  Stargate  
  22  2:47  Stargate  
  22  2:52  Pylon  
  22  2:57  Probe  
  23  3:09  Probe  
  24  3:15  Void Ray, Gateway  
  28  3:31  Warp Gate  
  28  3:35  Shield Battery  
  28  3:42  Probe x2  
  28  3:44  Void Ray  
  30  3:54  Probe x2  
  36  4:16  Void Ray  
  40  4:20  Probe x2  
  42  4:32  Probe  
  43  4:46  Void Ray  
  47  5:01  Pylon  
  47  5:23  Void Ray  
Show
View Real Time Build Order
Export as new Build Order

Mesrob Terran 

Build Orders:  

Get SALT Encoding   

  12  0:00  SCV  
  13  0:12  SCV  
  14  0:17  Supply Depot  
  14  0:25  SCV  
  15  0:39  Barracks, SCV  
  16  0:49  Refinery  
  16  0:51  SCV  
  17  1:03  SCV  
  18  1:15  SCV  
  19  1:28  Orbital Command  
  19  1:39  Command Center  
  19  1:44  Marine  
  20  1:57  SCV  
  20  1:59  Bunker  
  21  2:08  Factory  
  21  2:09  SCV  
  22  2:21  SCV  
  23  2:25  Barracks Tech Lab  
  23  2:29  Supply Depot  
  24  2:51  SCV  
  24  2:53  Supply Depot  
  24  2:55  Engineering Bay  
  24  2:57  Siege Tank  
  27  3:03  Orbital Command  
  27  3:04  SCV  
  28  3:09  Refinery  
  28  3:16  SCV  
  29  3:27  Missile Turret  
  29  3:28  SCV  
  29  3:32  Missile Turret  
  30  3:34  SCV  
  30  3:41  Siege Tank  
  34  3:43  Marine  
  34  3:46  SCV  
  34  3:47  Missile Turret  
  36  3:51  SCV  
  37  3:58  SCV  
  37  4:01  Missile Turret  
  38  4:03  SCV  
  38  4:09  Missile Turret  
  38  4:22  Refinery  
  38  4:30  Missile Turret  
  38  4:32  Siege Tank  
  37  4:58  Missile Turret  
  37  5:01  Missile Turret  
  35  5:12  Marine  
  33  5:31  Missile Turret  
  32  5:36  Missile Turret  
  32  5:37  Missile Turret  
  32  5:40  Missile Turret  
  28  5:58  Missile Turret  
  28  6:00  Missile Turret  
  28  6:07  Missile Turret  
  28  6:08  SCV  
  25  6:20  SCV  
  25  6:28  Missile Turret  
Tags
 
League
GoldGold
Matchup
PvT
Replay Pack
sc2 replays
Spawn Locations
Cross Positions
Add a new tag
Caveats
  • Supply blocks, unpowered buildings, or Contaminate may cause inaccurate times.
  • Supply counts are checked every 10 seconds.